 Dungeon Crawl Stone Soup version 0.27.0-1-g7a089689b8 (webtiles) character file.

Game seed: 16769633990968069774

94 ZARRMARR the Ruffian (level 4, 0/40 HPs)
             Began as a Ghoul Monk on Aug 6, 2021.
             Slain by a black bear (1 damage)
             ... on level 3 of the Dungeon on Aug 8, 2021.
             The game lasted 00:13:54 (2405 turns).

ZARRMARR the Ruffian (Ghoul Monk)                   Turns: 2405, Time: 00:13:55

Health: 0/40       AC:  2    Str: 15    XL:     4   Next: 63%
Magic:  6/12       EV: 12    Int:  5    God:
Gold:   84         SH:  0    Dex: 11    Spells: 3/3 levels left

rFire    . . .     SeeInvis .     - Unarmed
rCold    + . .     Faith    .   (no shield)
rNeg     + + +     Spirit   .   a - +0 robe
rPois    ∞         Reflect  .   (no helmet)
rElec    .         Harm     .   (no cloak)
rCorr    .         Rampage  .   (no gloves)
Will     .....                  (no boots)
Stlth    ++........             (no amulet)
HPRegen  0.00/turn              o - ring of magical power
MPRegen  0.13/turn              (no ring)

@: inhibited regen, hasted, very quick
A: claws 1, cold resistance 1, negative energy resistance 3, inhibited
regeneration, torment resistance 2
a: no special abilities


You were on level 3 of the Dungeon.
You visited 1 branch of the dungeon, and saw 4 of its levels.

You collected 84 gold pieces.

Inventory:

Hand Weapons
 i - a +0 whip of electrocution
Missiles
 d - 78 stones
 j - 3 boomerangs (quivered)
 m - 28 poisoned darts
Armour
 a - a +0 robe (worn)
Magical Staves
 h - a staff of cold
Jewellery
 o - a ring of magical power (left claw)
Scrolls
 c - a scroll of enchant armour
 f - a scroll of fog
Potions
 b - a potion of curing
 g - a potion of attraction
 k - a potion of mutation
 l - a potion of flight


   Skills:
 + Level 3.7 Fighting
 + Level 1.0 Throwing
 + Level 3.1 Dodging
 + Level 2.6 Stealth
 + Level 4.6 Unarmed Combat


You had 3 spell levels left.
You didn't know any spells.
Your spell library contained the following spells:

 Spells                   Type           Power      Damage    Failure   Level
 Slow                     Hex            0%         N/A       63%         2
 Confusing Touch          Hex            0%         N/A       85%         3
 Vampiric Draining        Necr           0%         2d6       85%         3


Dungeon Overview and Level Annotations

Branches:
Dungeon (4/15)
 Temple: D:4-7

Altars:


Innate Abilities, Weirdness & Mutations

You thrive by killing the living.
You are immune to poison.
You have sharp fingernails.
Your flesh is cold resistant. (rC+)
You are immune to negative energy. (rN+++)
You do not regenerate when monsters are visible.
You are immune to unholy pain and torment.


Message History

The adder skeleton bites you.
The adder skeleton bites you but does no damage.
You climb upwards.
There is a stone staircase leading down here.
You climb downwards.
The adder skeleton bites you.
The adder skeleton bites you but does no damage.
There is a stone staircase leading up here.
The adder skeleton closely misses you.
You climb upwards.
There is a stone staircase leading down here.
You climb downwards.
The adder skeleton closely misses you.
There is a stone staircase leading up here.
The adder skeleton barely misses you. The black bear bites you!
The black bear barely misses you. The black bear closely misses you.
The adder skeleton barely misses you.
You climb upwards.
There is a stone staircase leading down here.
You scratch the black bear.
The black bear is moderately wounded.
The black bear bites you. The black bear barely misses you.
The black bear closely misses you.
You scratch the black bear but do no damage.
The black bear is moderately wounded.
The black bear bites you. The black bear claws you. x2
You scratch the black bear.
The black bear is heavily wounded.
The black bear bites you! The black bear claws you.
* * * LOW HITPOINT WARNING * * *
The black bear claws you but does no damage.
You feel yourself speed up. The black bear bites you.
* * * LOW HITPOINT WARNING * * *
The black bear claws you.
* * * LOW HITPOINT WARNING * * *
The black bear misses you.
You closely miss the black bear.
The black bear is heavily wounded.
You scratch the black bear.
The black bear is heavily wounded.
The black bear bites you.
You die...

## ######.........#
#...# #
#[..##........)#
###.#
#####.#.##.........#
#.#
.........'.........#
###.#
##########.........#
######...#
#########.###'#'###
#...##.#.#
#.........# #...#
#.#.##.#.#
#.........####.h###
#.#....#####
#..............@..#
#....##<....
#.........##)÷.†..#
####.##.####
############......###
#.##.# #........#
#....# #........#
###### #........#
#....<.### ########


You could see a black bear.

Vanquished Creatures
  An adder (D:2)
  A worm (D:2)
  4 dart slugs
  An orc (D:3)
  8 ball pythons
  7 bats
  8 endoplasms
  2 giant cockroaches
  5 goblins
  5 hobgoblins
  7 jackals
  6 kobolds
  2 quokkas
  A frilled lizard (D:1)
  6 rats
64 creatures vanquished.

Notes
Turn   | Place    | Note
-------+----------+-------------------------------------------
     0 | D:1      | ZARRMARR the Ghoul Monk began the quest for the Orb.
     0 | D:1      | Reached XP level 1. HP: 19/19 MP: 0/0
   136 | D:1      | Reached XP level 2. HP: 19/26 MP: 1/1
   651 | D:1      | Reached skill level 4 in Unarmed Combat
   665 | D:1      | Reached XP level 3. HP: 31/31 MP: 2/2
  1386 | D:2      | Reached XP level 4. HP: 40/40 MP: 3/3
  1994 | D:3      | Found a faded altar of an unknown god.
  1995 | D:3      | Noticed an eye of devastation
  1998 | D:3      | Noticed a floating eye
  1998 | D:3      | Noticed a floating eye
  1998 | D:3      | Noticed a great orb of eyes
  2382 | D:4      | Noticed a black bear
  2387 | D:3      | Reached skill level 1 in Throwing
  2403 | D:3      | HP: 1/40 [black bear (2)]
  2405 | D:3      | Slain by a black bear

Illustrated notes

Levels and vault maps discovered:
D:1:      dpeg_arrival_windows_large_door, layout_rooms
D:2:      layout_loops_cross, minmay_strange_pillars,
          amcnicky_mini_corridor_feature
D:3:      layout_basic, hellmonk_ecumenical_altar_watching_god
D:4:      layout_rooms, kennysheep_generic_room_16

Skill      XL: |  1  2  3  4 |
---------------+-------------+-----
Unarmed Combat | 4 |  4.6
Dodging        | 3 |  3.1
Throwing       | 1 |  1.0
Fighting       | |  3.7
Stealth        | |  2.6

Action                   |  1- 3 |  4- 6 || total
-------------------------+-------+-------++-------
Melee: Unarmed           |   101 |    44 ||   145
       Punch             |     1 |       ||     1
Throw: Stone             |    46 |     1 ||    47
       Boomerang         |       |    38 ||    38
  Use: Scroll            |       |     7 ||     7
       Potion            |       |     1 ||     1
 Stab: Sleeping          |     2 |     2 ||     4
Armor: Robe              |    17 |    10 ||    27
Dodge: Dodged            |    54 |    39 ||    93
